 Dungeon Crawl Stone Soup version 0.26-a0-800-g517d6fe721 (webtiles) character file.

Game seed: 5610163314688596739

1109 robertstho the Thaumaturge (level 8, -5/43 HPs)
             Began as a Deep Elf Ice Elementalist on Nov 11, 2020.
             Slain by an orc warrior
             ... wielding a +0 halberd
              (20 damage)
             ... on level 6 of the Dungeon.
             The game lasted 00:08:52 (4993 turns).

robertstho the Thaumaturge (DEIE)                   Turns: 4993, Time: 00:08:53

Health: -5/43      AC:  4    Str:  5    XL:     8   Next: 11%
Magic:  20/22      EV: 13    Int: 32    God:
Gold:   228        SH:  0    Dex: 15    Spells: 8/23 levels left

rFire    . . .     SeeInvis .   t - +2 war axe (elec)
rCold    . . .     Faith    .   (no shield)
rNeg     . . .     Spirit   .   a - +0 robe
rPois    .         Reflect  .   f - +1 helmet {Int+3}
rElec    .         Harm     .   (no cloak)
rCorr    .         Rampage  .   (no gloves)
MR       .....                  (no boots)
Stlth    ++++......             (no amulet)
HPRegen  0.14/turn              g - +6 ring of intelligence
MPRegen  0.18/turn              j - ring of stealth

@: frozen ramparts
A: no striking features
a: no special abilities


You were on level 6 of the Dungeon.
You visited 1 branch of the dungeon, and saw 6 of its levels.

You collected 408 gold pieces.
You spent 180 gold pieces at shops.

Inventory:

Hand Weapons
 b - a +0 mace
 t - a +2 war axe of electrocution (weapon)
Armour
 a - a +0 robe (worn)
 f - a +1 helmet of intelligence (worn)
Magical Staves
 s - an uncursed staff of poison
Jewellery
 g - a +6 ring of intelligence (left hand)
 j - a ring of stealth (right hand)
 A - a cursed -4 ring of intelligence
 B - a cursed ring of attention {unknown}
Wands
 o - a wand of flame (19)
 y - a wand of enslavement (9)
 z - a wand of paralysis (8)
Scrolls
 c - a scroll of magic mapping {unknown}
 d - 3 scrolls of enchant weapon
 e - 2 scrolls of teleportation {unknown}
 h - 3 scrolls of fog {unknown}
 k - 4 scrolls of immolation {unknown}
 m - 2 scrolls of noise {unknown}
 n - 2 scrolls of random uselessness {unknown}
 q - a scroll of blinking {unknown}
 u - 2 scrolls of fear {unknown}
 w - a scroll of enchant armour {unknown}
 C - a scroll of remove curse {unknown}
 D - a scroll of identify
Potions
 i - 4 potions of lignification
 l - 4 potions of curing
 p - a potion of flight
 r - a potion of cancellation
 v - a potion of might
 x - 2 potions of haste
 E - a potion of resistance {unknown}
 F - a potion of magic {unknown}


   Skills:
 + Level 1.4 Fighting
 + Level 2.2 Axes
 + Level 3.0 Dodging
 + Level 4.1 Stealth
 * Level 8.4 Spellcasting
 + Level 1.0 Summonings
 * Level 7.4 Ice Magic


You had 8 spell levels left.
You knew the following spells:

 Your Spells              Type           Power        Failure   Level
a - Freeze                Ice            ####         1%          1
b - Frozen Ramparts       Ice            ######       1%          3
c - Ozocubu's Armour      Ice            ######..     1%          3
d - Hailstorm             Conj/Ice       #####...     8%          4
e - Summon Ice Beast      Ice/Summ       #####...     6%          4

Your spell library contained the following spells:

 Spells                   Type           Power        Failure   Level
 Magic Dart               Conj           ##..         3%          1
 Call Imp                 Summ           ###.....     3%          2
 Blink                    Tloc           N/A          5%          2
 Slow                     Hex            ##......     5%          2
 Conjure Flame            Conj/Fire      ##......     11%         3
 Mephitic Cloud           Conj/Pois/Air  ##......     11%         3


Dungeon Overview and Level Annotations

Branches:
Dungeon (6/15)
 Temple: D:4-7

Altars:
Ashenzari
Nemelex Xobeh
Ru

Shops:
D:4 :(*![


Message History

The wall freezes the white imp but do no damage.
The white imp completely resists.
The wall freezes the white imp but do no damage.
The wall freezes the bullfrog.
The white imp resists.
The wall freezes the white imp.
You hit the bullfrog.
The bullfrog is heavily wounded.
You hit the white imp.
You kill the white imp!
The wall freezes the bullfrog.
The bullfrog seems to slow down.
The bullfrog hits you!
An ice beast comes into view.
The wall freezes the orc wizard.
The wall freezes the bullfrog!
You kill the bullfrog!
Your Summonings skill increases to level 1!
The wall freezes the orc wizard!
The orc wizard begins to cast a cantrip, but forgets the words!
The wall freezes the orc warrior!
The orc warrior hits you from afar with a +0 halberd!!
You die...

#. #.#. #.#Z
#.#.## #...)#
#...o# #..Zo#
#...o##########
#...$o@........
#..............
#..............
#..............
#....###.######
#....# .# #
#....###Y#####
#.#.............
#......###.#####


You could see an orc warrior, an ice beast (wandering), an orc wizard and a
quokka skeleton.

Vanquished Creatures
  The ghost of mhtbhm the Shield-Bearer, an amateur GrFi (D:4)
  Sigmund (D:6)
  A sky beast (D:4)
  A big kobold (D:4)
  2 bullfrogs
  2 bullfrog skeletons
  2 hounds (D:4)
  Jessica (D:3)
  A hound skeleton (D:4)
  7 gnolls
  9 adders
  A white imp (D:6)
  An adder zombie (D:6)
  2 adder skeletons (D:4)
  4 worms (D:3)
  A leopard gecko (D:3)
  8 orcs
  2 ball pythons
  2 giant cockroaches (D:3)
  6 goblins
  9 hobgoblins
  11 jackals
  18 kobolds
  A quokka (D:2)
  8 bats
  7 frilled lizards
  4 rats
113 creatures vanquished.

Vanquished Creatures (collateral kills)
  A big kobold (D:4)
  2 kobolds (D:4)
3 creatures vanquished.

Vanquished Creatures (others)
  A fungus (D:4)
  2 plants (D:4)
3 creatures vanquished.

Grand Total: 119 creatures vanquished

Notes
Turn   | Place    | Note
-------+----------+-------------------------------------------
     0 | D:1      | robertstho the Deep Elf Ice Elementalist began the quest
                  | for the Orb.
     0 | D:1      | Reached XP level 1. HP: 10/10 MP: 6/6
   338 | D:1      | Reached XP level 2. HP: 15/15 MP: 6/8
   553 | D:1      | Reached skill level 5 in Ice Magic
  1064 | D:2      | Reached skill level 4 in Spellcasting
  1064 | D:2      | Reached XP level 3. HP: 18/19 MP: 6/10
  1115 | D:2      | Learned a level 3 spell: Frozen Ramparts
  1119 | D:2      | Learned a level 3 spell: Ozocubu's Armour
  1352 | D:2      | Found a broken altar of Ashenzari.
  1672 | D:2      | Reached XP level 4. HP: 24/24 MP: 8/12
  2362 | D:3      | Noticed Jessica
  2367 | D:3      | Killed Jessica
  2371 | D:3      | Reached skill level 5 in Spellcasting
  2553 | D:3      | Reached XP level 5. HP: 28/28 MP: 10/14
  3146 | D:4      | Reached skill level 6 in Spellcasting
  3170 | D:4      | Found Wucvihom's Assorted Antiques.
  3270 | D:4      | Found Quoggio's Distillery.
  3296 | D:4      | Bought a potion of lignification for 30 gold pieces
  3296 | D:4      | Bought a potion of attraction for 30 gold pieces
  3296 | D:4      | Bought a potion of cancellation for 80 gold pieces
  3296 | D:4      | Bought a potion of might for 40 gold pieces
  3304 | D:4      | Found Haaqaw's Weapon Shop.
  3361 | D:4      | Noticed a sky beast
  3362 | D:4      | Found a runed translucent gate.
  3362 | D:4      | Found a runed translucent gate.
  3362 | D:4      | Identified the +4 short sword "Iplitem" {chaos, rN+ MR-
                  | Int+6}
  3368 | D:4      | Killed a sky beast
  3368 | D:4      | Reached XP level 6. HP: 18/33 MP: 12/17
  3503 | D:4      | Noticed mhtbhm's ghost (amateur GrFi)
  3519 | D:4      | Learned a level 4 spell: Hailstorm
  3524 | D:4      | Learned a level 4 spell: Summon Ice Beast
  3544 | D:4      | Found Ustif's Book Shop.
  3556 | D:4      | Found a sacrificial altar of Ru.
  3701 | D:4      | Found a runed translucent gate.
  3723 | D:4      | Found Peic's Armour Shoppe.
  3819 | D:4      | Reached skill level 7 in Spellcasting
  3876 | D:4      | Killed mhtbhm's ghost
  3876 | D:4      | Reached skill level 1 in Fighting
  3876 | D:4      | Reached skill level 1 in Axes
  3876 | D:4      | Reached XP level 7. HP: 38/38 MP: 1/20
  4015 | D:5      | Entered Level 5 of the Dungeon
  4328 | D:5      | Found a sparkling altar of Nemelex Xobeh.
  4374 | D:5      | Reached skill level 8 in Spellcasting
  4938 | D:6      | Noticed Sigmund
  4944 | D:6      | Killed Sigmund
  4944 | D:6      | Reached XP level 8. HP: 43/43 MP: 19/22
  4992 | D:6      | Reached skill level 1 in Summonings
  4993 | D:6      | Slain by an orc warrior

Illustrated notes

Levels and vault maps discovered:
D:1:      dpeg_arrival_tiny_a, layout_basic
D:2:      layout_rooms, nicolae_ashenzari_panopticon
D:3:      layout_rooms, uniq_jessica
D:4:      layout_basic, gammafunk_ghost_nasty_kobolds, serial_shops,
          nicolae_shop_trees, nicolae_shop_crystal, nicolae_shop_trees,
          nicolae_shop_waterfront, nicolae_shop_trees,
          nicolae_ru_sacrificial_ziggurat
D:5:      layout_gridville, nemelex_xobeh_ov_fountains_minmay
D:6:      layout_basic, minmay_misc_feat_rows, skrybe_limestone_x,
          minmay_misc_feat_hallway, uniq_menkaure, uniq_sigmund

Skill      XL: |  1  2  3  4  5  6  7  8 |
---------------+-------------------------+-----
Ice Magic      | 5 6 7 |  7.4
Spellcasting   | 4 5 6 7 8 |  8.4
Fighting       | 1 |  1.4
Axes           | 1 2 |  2.2
Stealth        | 3 4 |  4.1
Dodging        | 3 |  3.0
Summonings     | 1 |  1.0

Action                   |  1- 3 |  4- 6 |  7- 9 || total
-------------------------+-------+-------+-------++-------
Melee: Mace              |    25 |       |       ||    25
       War axe           |     1 |    51 |    26 ||    78
 Cast: Freeze            |    25 |     3 |       ||    28
       Frozen Ramparts   |     7 |    22 |     3 ||    32
       Summon Ice Beast  |       |     3 |       ||     3
  Use: Scroll            |       |     6 |       ||     6
 Stab: Sleeping          |       |     5 |     1 ||     6
Armor: Robe              |     8 |     9 |     7 ||    24
Dodge: Dodged            |    43 |    55 |    21 ||   119

Table legend: (Time is in decaauts)
 A = Elapsed time spent in this place.
 B = Non-inter-level travel time spent in this place.
 C = Inter-level travel time spent in this place.
 D = Time resting spent in this place.
 E = Time spent auto-exploring this place.
 F = Levels seen in this place.
 G = Mean time per level.
                   A        B        C        D        E       F      G
               +--------+--------+--------+--------+--------+-----+--------+
         Total |   5034 |   4944 |     90 |    118 |   4035 |   6 |  839.0 |
       Dungeon |   5034 |   4944 |     90 |    118 |   4035 |   6 |  839.0 |
               +--------+--------+--------+--------+--------+-----+--------+

Top non-repeatable levels by time:
     D:2: 1179 daAuts
     D:1: 1067 daAuts
     D:5: 926 daAuts
     D:3: 901 daAuts
     D:4: 898 daAuts
     D:6: 60 daAuts
